 Dungeon Crawl Stone Soup version 0.21-a0-41-g5e91fef (webtiles) character file.

182 roguesci the Magician (level 5, -3/44 HPs)
             Began as a Draconian Ice Elementalist on June 3, 2017.
             Slain by a gnoll
             ... wielding a +0 halberd
              (10 damage)
             ... on level 4 of the Dungeon.
             The game lasted 00:14:58 (2855 turns).

roguesci the Magician (Draconian Ice Elementalist)  Turns: 2855, Time: 00:14:59

Health: -3/44      AC: 11    Str: 11    XL:     5   Next: 34%
Magic:  6/9        EV: 12    Int: 15    God:
Gold:   106        SH:  3    Dex: 12    Spells: 6/10 levels left

rFire    . . .     SeeInvis .   w - +4 club
rCold    . . .     Gourm    .   h - +0 buckler
rNeg     . . .     Faith    .   (armour unavailable)
rPois    .         Spirit   .   (helmet restricted)
rElec    .         Reflect  .   (no cloak)
rCorr    +         Harm     .   r - +0 pair of gloves
MR       .....                  (no boots)
Stlth    ++........             o - amulet of rage
Regen    0.2/turn               p - ring of resist corrosion
MPRegen  0.2/turn               (no ring)

@: icy armour (expiring), hasted, very quick
A: unfitting armour, cold-blooded, AC +5
a: Evoke Berserk Rage


You were on level 4 of the Dungeon.
You were hungry.

You visited 1 branch of the dungeon, and saw 4 of its levels.

You collected 106 gold pieces.

Inventory:

Hand Weapons
 u - a +0 blowgun
 w - a +4 club (weapon)
Missiles
 k - 33 stones (quivered)
 v - 25 poisoned needles
Armour
 h - a +0 buckler (worn)
 r - a +0 pair of gloves (worn)
Jewellery
 o - an amulet of rage (around neck)
 p - a ring of resist corrosion (left hand)
Wands
 d - a wand of confusion (2/48)
Scrolls
 c - a scroll of remove curse {unknown}
 e - 4 scrolls of random uselessness {unknown}
 i - 4 scrolls of identify {unknown}
 l - a scroll of immolation {unknown}
 m - a scroll of blinking {unknown}
 q - a scroll of fear {unknown}
 s - a scroll of enchant armour {unknown}
Books
 a - a book of Frost

   Spells                             Type                      Level
   a - Freeze                         Ice                          1
   b - Throw Frost                    Conjuration/Ice              2
   c - Ozocubu's Armour               Charms/Ice                   3
   d - Throw Icicle                   Conjuration/Ice              4
   e - Summon Ice Beast               Ice/Summoning                4
Comestibles
 b - 3 bread rations
 f - 3 meat rations
 t - 3 fruits


   Skills:
 * Level 2.9 Fighting
 * Level 2.6 Dodging
 * Level 2.9 Stealth
 + Level 3.2 Spellcasting
   Level 1.0 Conjurations
 - Level 3.0 Ice Magic


You had 6 spell levels left.
You knew the following spells:

 Your Spells              Type           Power        Failure   Level  Hunger
a - Freeze                Ice            ##..         10%         1    #......
b - Ozocubu's Armour      Chrm/Ice       #.......     47%         3    ###....


Dungeon Overview and Level Annotations

Branches:
Dungeon (4/15)
 Temple: D:4-7

Altars:
Dithmenos
Makhleb
The Shining One


Innate Abilities, Weirdness & Mutations

Your plain brown scales are hard. (AC +5)
You cannot fit into any form of body armour.
You are cold-blooded and may be slowed by cold attacks.


Message History

The scorpion barely misses you.
The gnoll hits you from afar with a halberd!
* * * LOW HITPOINT WARNING * * *
You feel yourself speed up.
You hear the hiss of a distant avalanche of sand.
The scorpion stings you but does no damage.
The gnoll misses you.
You hit the scorpion but do no damage.
The scorpion is severely wounded.
The scorpion stings you but does no damage.
You barely miss the scorpion.
The scorpion is severely wounded.
The gnoll hits you but does no damage. The scorpion stings you.
* * * LOW HITPOINT WARNING * * *
You hit the scorpion.
The scorpion is almost dead.
Your icy armour starts to melt.
You block the scorpion's attack.
The gnoll hits you from afar with a halberd!
You die...

####### ......S######
...s........########
....##.#...........# .
#.#g##.######.# #.#s##.#
##.##
...##.#@##.#####.#.#####
......†.##......###.....
#####.##########.#.#####
#. ########.## #
#........# #.########
#.# #.# ######.#####


You could see a scorpion and a gnoll.

Vanquished Creatures
  A hound (D:2)
  Ijyb (D:4)
  2 gnolls (D:4)
  3 adders
  4 worms
  2 dart slugs
  2 leopard geckos
  5 giant cockroaches
  2 goblins
  6 hobgoblins
  7 jackals
  3 ball pythons
  9 bats
  5 frilled lizards
  6 kobolds
  7 rats
65 creatures vanquished.

Notes
Turn   | Place    | Note
-------+----------+-------------------------------------------
     0 | D:1      | roguesci the Draconian Ice Elementalist began the quest for the Orb.
     0 | D:1      | Reached XP level 1. HP: 14/14 MP: 3/3
     2 | D:1      | Noticed a felid
     4 | D:1      | Noticed a ghoul
     5 | D:1      | Noticed a dwarf
    10 | D:1      | Noticed a dwarf
    14 | D:1      | Noticed a naga
    14 | D:1      | Noticed a troll
   246 | D:1      | Reached skill level 1 in Fighting
   246 | D:1      | Reached XP level 2. HP: 22/23 MP: 0/5
   944 | D:1      | Reached XP level 3. HP: 29/29 MP: 6/6
  1082 | D:1      | Learned a level 3 spell: Ozocubu's Armour
  1451 | D:2      | Found a shadowy altar of Dithmenos.
  1551 | D:2      | Found a burning altar of Makhleb.
  1568 | D:2      | Reached XP level 4. HP: 36/36 MP: 2/8
  2579 | D:3      | Found a glowing golden altar of the Shining One.
  2658 | D:4      | Noticed Ijyb
  2775 | D:4      | Killed Ijyb
  2775 | D:4      | Reached XP level 5. HP: 41/44 MP: 7/9
  2855 | D:4      | Slain by a gnoll

Vault maps used:
D:1:      shiori_arrival_whats_in_store_for_you
D:2:      grunt_dithmenos_smoke_and_mirrors, makhleb_heckhound_becter
D:3:      marbit_many_paths, first_bread
D:4:      bloody_trog, nicolae_ossuary_entry_plus, kennysheep_generic_room_7,
          uniq_ijyb

Skill      XL: |  1  2  3 |
---------------+----------+-----
Fighting       | 1 2 |  2.9
Stealth        | 2 |  2.9
Dodging        | 2 |  2.6
Spellcasting   | 3 |  3.2
Conjurations   | |  1.0
Ice Magic      | |  3.0

Action                   |  1- 3 |  4- 6 || total
-------------------------+-------+-------++-------
Melee: Unarmed           |    77 |       ||    77
       Tailslap          |    13 |    22 ||    35
       Hand axe          |   108 |   150 ||   258
       Club              |       |    20 ||    20
 Cast: Freeze            |    15 |     8 ||    23
       Ozocubu's Armour  |     3 |     4 ||     7
  Use: Potion            |       |     5 ||     5
 Stab: Distracted        |     2 |       ||     2
       Sleeping          |       |     3 ||     3
  Eat: Chunk             |     3 |     3 ||     6
       Royal jelly       |       |     1 ||     1
Armor: Skin              |    93 |    63 ||   156
Dodge: Dodged            |   180 |   100 ||   280
Block: Buckler           |       |    17 ||    17
